 Dungeon Crawl Stone Soup version 0.28-a0-479-g5baa6b73be (webtiles) character file.

Game seed: 31633674773070446

273 tatocazan the Skirmisher (level 6, 0/43 (48) HPs)
             Began as a Demonspawn Fighter on Sept 17, 2021.
             Was a Priest of Uskayaw.
             Slain by a wight (1 damage)
             ... on level 4 of the Dungeon on Sept 18, 2021.
             The game lasted 00:03:44 (3551 turns).

tatocazan the Skirmisher (Demonspawn Fighter)       Turns: 3551, Time: 00:03:45

HP:   0/43 (48)     AC:  8    Str: 18 (19) XL:     6   Next: 2%
MP:   6/6           EV:  9    Int:  7 (9)  God:    Uskayaw [***...]
Gold: 113           SH: 10    Dex:  9 (12) Spells: 5/5 levels left

rFire   . . .      SeeInvis .   a - +0 war axe
rCold   . . .      Faith    .   c - +0 buckler
rNeg    . . .      Spirit   .   b - +0 scale mail
rPois   .          Reflect  .   (no helmet)
rElec   .          Harm     .   (no cloak)
rCorr   .          Rampage  .   h - +0 pair of gloves
Will    .....                   (no boots)
Stlth   ..........              (no amulet)
HPRegen 0.14/turn               (no ring)
MPRegen 0.20/turn               (no ring)

@: heavily drained
A: large bone plates 2, powered by pain 1, magic regeneration
a: Renounce Religion, Stomp, Line Pass


You were on level 4 of the Dungeon.
You worshipped Uskayaw.
Uskayaw was noncommittal.
You visited 1 branch of the dungeon, and saw 4 of its levels.

You collected 113 gold pieces.

Inventory:

Hand Weapons
 a - a +0 war axe (weapon)
 o - a +1 flail of protection
Armour
 b - a +0 scale mail (worn)
 c - a +0 buckler (worn)
 h - a +0 pair of gloves (worn)
Jewellery
 f - a ring of flight
Wands
 k - a wand of acid (5)
Scrolls
 g - 3 scrolls of teleportation {unknown}
 j - 3 scrolls of identify {unknown}
 l - a scroll of amnesia {unknown}
 m - a scroll of enchant armour {unknown}
 n - a scroll of immolation {unknown}
 q - 2 scrolls of enchant weapon {unknown}
Potions
 d - a potion of might
 e - a potion of flight {unknown}
 i - a potion of mutation {unknown}
 p - a potion of degeneration
 r - a potion of heal wounds {unknown}
 s - a potion of brilliance {unknown}


   Skills:
 + Level 4.2 Fighting
 + Level 3.2 Axes
 + Level 3.8 Armour
 + Level 3.8 Shields


You had 5 spell levels left.
You didn't know any spells.
Your spell library contained the following spells:

 Spells                   Type           Power      Damage    Failure   Level
 Animate Skeleton         Necr           0%         N/A       82%         1
 Apportation              Tloc           0%         N/A       82%         1
 Beastly Appendage        Tmut           0%         N/A       82%         1
 Sting                    Tmut/Pois      0%         1d3       82%         1
 Summon Small Mammal      Summ           0%         N/A       82%         1
 Poisonous Vapours        Pois/Air       0%         N/A       91%         2
 Wereblood                Tmut           0%         N/A       91%         2
 Spider Form              Tmut/Pois      0%         N/A       99%         3
 Olgreb's Toxic Radiance  Pois           0%         N/A       100%        4


Dungeon Overview and Level Annotations

Branches:
Dungeon (4/15)
 Temple: D:4-7

Altars:
Uskayaw
Zin


Innate Abilities, Weirdness & Mutations

You are mostly covered in large bone plates. (SH +6)
You sometimes gain a little power by taking damage.
You regenerate magic rapidly.


Message History

Uskayaw will force your foes to helplessly watch your dance.
Uskayaw prepares the audience for your solo!
You are too injured to fight recklessly!
You are too injured to fight recklessly!
You are too injured to fight recklessly!
You are too injured to fight recklessly!
You take 17 damage, and have 11/45 hp.
MASSIVE DAMAGE!!
You are too injured to fight recklessly!
You are too injured to fight recklessly!
You are too injured to fight recklessly!
You are too injured to fight recklessly!
You are too injured to fight recklessly!
You are too injured to fight recklessly!
You are too injured to fight recklessly!
You are too injured to fight recklessly!
You are too injured to fight recklessly!
You are too injured to fight recklessly!
You are too injured to fight recklessly!
You are too injured to fight recklessly!
You are too injured to fight recklessly!
You are too injured to fight recklessly!
You are too injured to fight recklessly!
The helpless wight fails to defend itself.
You hit the wight but do no damage.
The wight is severely damaged.
The helpless wight fails to defend itself.
You hit the wight but do no damage.
The wight is no longer paralysed. x2
The wight hits you with a +0 morningstar.
* * * LOW HITPOINT WARNING * * *
You feel drained.
* * * LOW HITPOINT WARNING * * *
You block the wight's attack.
You take 8 damage, and have 3/44 hp.
It was a potion of degeneration.
There was something very wrong with that liquid.
You feel weakened.
You feel dopey.
You feel clumsy.
The wight hits you with a +0 morningstar.
* * * LOW HITPOINT WARNING * * *
You feel drained.
You die...

#.# #########.###
##(..........######
#####.....(....#..÷....
......)..###.#.########
#####...## #.#.# ##<..
##.## #.#.####...# #)#
#.#........# #@#
#.######.[.# ......zz#
#.# ##### ..####### #.#
# # ###### ##.....
##†..### #.###.....##


You could see 2 wights.

Vanquished Creatures
  2 wights (D:4)
  A centaur skeleton (D:4)
  An iguana (D:4)
  A hound zombie (D:3)
  4 gnolls (D:2)
  3 adders
  A worm (D:3)
  A dart slug (D:3)
  2 orcs
  6 ball pythons
  4 endoplasms
  4 giant cockroaches
  4 goblins
  6 hobgoblins
  3 bats
  5 frilled lizards
  5 kobolds
  5 rats
58 creatures vanquished.

Notes
Turn   | Place    | Note
-------+----------+-------------------------------------------
     0 | D:1      | tatocazan the Demonspawn Fighter began the quest for the
                  | Orb.
     0 | D:1      | Reached XP level 1. HP: 18/18 MP: 1/1
   342 | D:1      | Gained mutation: You are partially covered in large bone
                  | plates. (SH +4) [demonic ancestry]
   342 | D:1      | Reached XP level 2. HP: 18/24 MP: 2/2
  1251 | D:2      | Reached XP level 3. HP: 26/29 MP: 3/3
  1777 | D:2      | Gained mutation: You sometimes gain a little power by
                  | taking damage. [demonic ancestry]
  1777 | D:2      | Reached XP level 4. HP: 34/35 MP: 4/4
  2167 | D:3      | Found a faded altar of an unknown god.
  2194 | D:3      | Found a hide-covered altar of Uskayaw.
  2205 | D:3      | Became a worshipper of Uskayaw the Reveller
  2237 | D:3      | Reached * piety under Uskayaw
  3081 | D:4      | Gained mutation: You regenerate magic rapidly. [demonic
                  | ancestry]
  3081 | D:4      | Reached XP level 5. HP: 33/42 MP: 5/5
  3203 | D:4      | Reached ** piety under Uskayaw
  3208 | D:4      | Reached skill level 4 in Fighting
  3547 | D:4      | Gained mutation: You are mostly covered in large bone
                  | plates. (SH +6) [demonic ancestry]
  3547 | D:4      | Reached XP level 6. HP: 36/48 MP: 6/6
  3549 | D:4      | Reached *** piety under Uskayaw
  3551 | D:4      | HP: 1/44 [wight (2)]
  3551 | D:4      | Slain by a wight

Illustrated notes

Levels and vault maps discovered:
D:1:      minmay_arrival_doors, layout_loops_cross
D:2:      layout_loops_ring, serial_bayou_crossing
D:3:      layout_basic, mainiacjoe_overflow_six_doors_small, marbit_many_paths,
          ebering_ecumenical_altar_mist, minmay_crystal_room
D:4:      layout_loops_ring, minmay_temple_entry_antechambers

Skill      XL: |  1  2  3  4  5 |
---------------+----------------+-----
Axes           | 2 3 |  3.2
Armour         | 3 |  3.8
Shields        | 3 |  3.8
Fighting       | 4 |  4.2

Action                   |  1- 3 |  4- 6 || total
-------------------------+-------+-------++-------
Melee: War axe           |    73 |   101 ||   174
Evoke: Wand              |     1 |       ||     1
  Use: Potion            |       |     1 ||     1
 Stab: Paralysed         |       |     2 ||     2
Armor: Scale mail        |    26 |    26 ||    52
Dodge: Dodged            |    27 |    36 ||    63
Block: Buckler           |    26 |    54 ||    80

Table legend: (Time is in decaauts)
 A = Elapsed time spent in this place.
 B = Non-inter-level travel time spent in this place.
 C = Inter-level travel time spent in this place.
 D = Time resting spent in this place.
 E = Time spent auto-exploring this place.
 F = Levels seen in this place.
 G = Mean time per level.
                   A        B        C        D        E       F      G
               +--------+--------+--------+--------+--------+-----+--------+
         Total |   3626 |   3549 |     77 |    728 |   2356 |   4 |  906.5 |
       Dungeon |   3626 |   3549 |     77 |    728 |   2356 |   4 |  906.5 |
               +--------+--------+--------+--------+--------+-----+--------+

Top non-repeatable levels by time:
     D:3: 1010 daAuts
     D:2: 1009 daAuts
     D:1: 943 daAuts
     D:4: 662 daAuts
